 Dungeon Crawl Stone Soup version 0.31.0-12-g77e489cdc1 (webtiles) character file.

Game seed: 15130877680106346367

134 Solenn the Covered (level 4, -9/41 HPs)
             Began as a Minotaur Fighter on Feb 18, 2024.
             Mangled by a gnoll
             ... wielding a +0 flail
              (10 damage)
             ... on level 3 of the Dungeon.
             The game lasted 00:32:31 (1941 turns).

Solenn the Covered (Minotaur Fighter)               Turns: 1941, Time: 00:32:32

Health: -9/41      AC:  8    Str: 20    XL:     4   Next: 95%
Magic:  3/3        EV:  9    Int:  5    God:
Gold:   150        SH:  5    Dex: 12    Spells: 3/3 levels left

rFire   . . .        a - +0 long sword (spect)
rCold   . . .        c - +0 buckler
rNeg    . . .        b - +0 scale mail
rPois   .            (helmet restricted)
rElec   .            (no cloak)
rCorr   .            (no gloves)
SInv    .            v - +0 pair of boots
Will    .....        (no amulet) Stlth
                     (no ring)
HPRegen 0.26/turn    (no ring)
MPRegen 0.08/turn

%: no passive effects
@: no status effects
A: horns 2, retaliatory headbutt
a: no special abilities


You were on level 3 of the Dungeon.
You visited 1 branch of the dungeon, and saw 3 of its levels.

You collected 228 gold pieces.
You spent 78 gold pieces at shops.

Inventory:

Hand Weapons
 a - a +0 spectral long sword (weapon)
 e - a +0 short sword
 f - a +0 club
 i - a +2 halberd of venom
 o - a +3 dagger
 q - a +0 spear
Missiles
 g - 4 silver javelins
 j - 34 stones (quivered)
Armour
 b - a +0 scale mail (worn)
 c - a +0 buckler (worn)
 p - a +0 scale mail
 v - a +0 pair of boots (worn)
Magical Staves
 m - a staff of fire
Talismans
 k - a beast talisman
 l - a beast talisman
Scrolls
 u - a scroll of identify
 x - a scroll of teleportation
Potions
 d - 2 potions of might
 t - a potion of enlightenment
 w - a potion of lignification


   Skills:
 + Level 4.6 Fighting
 + Level 3.5 Long Blades
 + Level 4.7 Armour
 + Level 4.7 Shields


You had 3 spell levels left.
You didn't know any spells.
Your spell library contained the following spells:

 Spells                   Type           Power      Damage    Failure   Level
 Magic Dart               Conj           0%         1d3       87%         1
 Jinxbite                 Hex            0%         N/A       95%         2
 Searing Ray              Conj           0%         2d4       95%         2
 Fulminant Prism          Conj/Alch      0%         3d5       100%        4
 Manifold Assault         Tloc           0%         N/A       100%        4
 Yara's Violent Unravell  Hex/Alch       0%         3d3       100%        5
 Dispersal                Tloc           0%         N/A       100%        6
 Enfeeble                 Hex            0%         N/A       100%        7
 Disjunction              Tloc           0%         N/A       100%        8


Dungeon Overview and Level Annotations

Branches:
Dungeon (3/15)

Altars:
Kikubaaqudgha

Shops:
D:2 *


Innate Abilities, Weirdness & Mutations

You have a pair of horns on your head.
You reflexively headbutt those who attack you in melee.


Message History

You furiously retaliate!
You headbutt the gnoll! You barely miss the gnoll.
The gnoll is almost dead.
Your +0 spectral long sword hits the gnoll.
You kill the gnoll!
You hit the gnoll. Your headbutt misses the gnoll.
The gnoll is heavily wounded.
Your +0 spectral long sword hits the gnoll!
You kill the gnoll!
You swap places.
Your +0 spectral long sword disappears.
The gnoll hits you with a +0 flail.
Items here: $ )) †.
You hit the gnoll but do no damage. You headbutt the gnoll!
The gnoll is heavily wounded.
Your +0 spectral long sword hits the gnoll but does no damage.
The gnoll hits you with a +0 flail! The gnoll closely misses you.
Your +0 spectral long sword disappears.
The gnoll attacks as it pursues you! The gnoll hits you with a +0 flail!
* * * LOW HITPOINT WARNING * * *
You feel better. The gnoll barely misses you. You furiously retaliate!
You headbutt the gnoll. You barely miss the gnoll.
Your headbutt misses the gnoll.
Your +0 spectral long sword hits the gnoll.
The gnoll hits you but does no damage. The gnoll hits you with a +0 flail!
* * * LOW HITPOINT WARNING * * *
The gnoll hits you but does no damage. The gnoll hits you with a +0 flail.
* * * LOW HITPOINT WARNING * * *
You hit the gnoll. Your headbutt misses the gnoll.
The gnoll is almost dead.
You block the gnoll's attack. The gnoll hits you with a +0 flail.
* * * LOW HITPOINT WARNING * * *
You completely miss the gnoll.
The gnoll is almost dead.
The gnoll hits you but does no damage. The gnoll hits you with a +0 flail.
* * * LOW HITPOINT WARNING * * *
You hit the gnoll but do no damage.
The gnoll is almost dead.
The gnoll hits you with a +0 flail!
You die...

#...P⌠.⌠..#.... #..#.....
#..P~.⌠...#..# ##.####.####
##...P..P~#..# .........#..
#..#..#.#...# ##.####..#.#
#..#..#_#...#####....#<.#.#
#.)######.))##....# #..#.#
#......#P.........##.#..#.#
#......#.(gg.........#..#.#
###.....##@###.......#..#.#
##....##.# #....##.#..#.#
#....##.# ...........#.#
#....##.#.#######.##.#.#
#....##.#. . #.#
####.##.#.########## #.#
#.##.#..........# #.#
#####'##.#..........# #.#
#........#..........# #..


You could see 2 gnolls and a friendly +0 spectral long sword.

Vanquished Creatures
  3 adders
  5 gnolls (D:3)
  A dart slug (D:1)
  6 bats
  5 endoplasms
  2 giant cockroaches
  4 goblins
  5 hobgoblins
  3 jackals (D:2)
  8 kobolds
  A quokka (D:2)
  5 ball pythons
  A frilled lizard (D:1)
  4 rats
53 creatures vanquished.

Notes
Turn   | Place    | Note
-------+----------+-------------------------------------------
     0 | D:1      | Solenn the Minotaur Fighter began the quest for the Orb.
     0 | D:1      | Reached XP level 1. HP: 19/19 MP: 0/0
    88 | D:1      | Reached XP level 2. HP: 27/27 MP: 1/1
   464 | D:1      | Reached XP level 3. HP: 29/33 MP: 2/2
   999 | D:2      | Found Dukac's General Store.
  1025 | D:2      | Bought a scroll of identify for 24 gold pieces
  1025 | D:2      | Bought a +0 pair of boots for 54 gold pieces
  1469 | D:3      | Found an ancient bone altar of Kikubaaqudgha.
  1521 | D:3      | Reached XP level 4. HP: 40/40 MP: 3/3
  1906 | D:3      | Found a faded altar of an unknown god.
  1940 | D:3      | HP: 1/41 [gnoll/+0 flail (2)]
  1941 | D:3      | Mangled by a gnoll

Illustrated notes

Levels and vault maps discovered:
D:1:      tarquinn_simple_flora_water_c, layout_rooms
D:2:      layout_basic, serial_shops, nicolae_shop_tiny_statue_garden,
          grunt_decor_arrowhead
D:3:      layout_basic, lemuel_round_altar,
          shapermc_ecumenical_altar_mp_ritualfount, chequers_hall_statues_y,
          minmay_splitting_lines, hangedman_glass_teeth

Skill      XL: |  1  2  3 |
---------------+----------+-----
Shields        | 4 |  4.7
Armour         | 4 |  4.7
Fighting       | 4 |  4.6
Long Blades    | 3 |  3.5

Action                     |  1- 3 |  4- 6 || total
---------------------------+-------+-------++-------
  Melee: Long sword        |   106 |    31 ||   137
         Headbutt          |     6 |     6 ||    12
         Short sword       |     2 |       ||     2
    Use: Scroll            |     5 |       ||     5
         Potion            |     3 |     2 ||     5
 Armour: Scale mail        |   100 |    27 ||   127
  Dodge: Dodged            |    75 |    13 ||    88
  Block: Buckler           |    25 |     9 ||    34
